 Dungeon Crawl Stone Soup version 0.31.0-10-gcf4a605ca0 (webtiles) character file.

Game seed: 412942098673962752

74 Esekla the Grave Robber (level 4, -4/33 HPs)
             Began as a Barachi Necromancer on Jan 26, 2024.
             Killed from afar by Natasha (6 damage)
             ... with a magic dart
             ... on level 2 of the Dungeon.
             The game lasted 00:22:41 (2438 turns).

Esekla the Grave Robber (Barachi Necromancer)       Turns: 2438, Time: 00:22:41

Health: -4/33      AC:  2    Str:  9    XL:     4   Next: 28%
Magic:  3/8        EV: 12    Int: 18    God:
Gold:   90         SH:  5    Dex: 12    Spells: 4/8 levels left

rFire   . . .        d - +0 dagger
rCold   . . .        (no shield)
rNeg    . . .        a - +0 robe
rPois   .            (no helmet)
rElec   .            (no cloak)
rCorr   .            (no gloves)
SInv    .            (no boots)
Will    .....        n - amulet of reflection
Stlth   ++           (no ring)
HPRegen 0.25/turn    (no ring)
MPRegen 0.11/turn

%: reflection
@: unable to hop, slowed, very slow
A: amphibious, slowness 1, strong legs 1, +LOS
a: Hop


You were on level 2 of the Dungeon.
You visited 1 branch of the dungeon, and saw 3 of its levels.

You collected 90 gold pieces.

Inventory:

Hand Weapons
 d - a +0 dagger (weapon)
Armour
 a - a +0 robe (worn)
Jewellery
 n - an amulet of reflection (around neck)
Scrolls
 c - 2 scrolls of enchant armour {unknown}
 e - 3 scrolls of identify
 f - 2 scrolls of poison
 h - a scroll of teleportation {unknown}
 i - a scroll of amnesia {unknown}
 j - a scroll of silence {unknown}
 k - a scroll of revelation {unknown}
 o - a scroll of blinking {unknown}
Potions
 b - a potion of magic
 g - a potion of mutation
 l - 2 potions of heal wounds {unknown}
 m - 2 potions of curing


   Skills:
 * Level 1.9 Fighting
 + Level 1.2 Short Blades
 + Level 2.9 Dodging
 + Level 1.8 Stealth
 * Level 2.8 Spellcasting
 * Level 4.0 Necromancy


You had 4 spell levels left.
You knew the following spells:

 Your Spells              Type           Power      Damage    Failure   Level
a - Necrotise             Necr           68%        1d7       3%          1
d - Vampiric Draining     Necr           17%        2d7       10%         3

Your spell library contained the following spells:

 Spells                   Type           Power      Damage    Failure   Level
 Animate Dead             Necr           17%        N/A       32%         4
 Curse of Agony           Necr           17%        N/A       65%         5


Dungeon Overview and Level Annotations

Branches:
Dungeon (3/15)

Altars:

Annotations:
D:2 1 runed translucent door, Crazy Yiuf, Natasha


Innate Abilities, Weirdness & Mutations

You are amphibious.
You cover ground slowly.
You can hop short distances.
You have an extended range of vision and can be seen from far away.


Message History

Press: ? - help, Shift-Dir - straight line, f - Natasha
Aim: Natasha You draw life force from Natasha.
You feel life coursing into your body.
Natasha stares at you and mumbles some strange words.
You feel yourself slow down.
Casting: Vampiric Draining (quite dangerous; 10% risk of failure)
Confirm with . or Enter, or press ? or * to list all spells.
Aiming: Vampiric Draining (quite dangerous; 10% risk of failure)
Press: ? - help, Shift-Dir - straight line, f/p - Natasha
Aim: Natasha (moderately wounded)
You draw life force from Natasha!
You feel life coursing into your body.
Natasha stares at you and mumbles some strange words.
You feel as though you will be slow longer.
Casting: Vampiric Draining (quite dangerous; 10% risk of failure)
Confirm with . or Enter, or press ? or * to list all spells.
You don't have enough magic to cast this spell.
Unknown command.
You hit Natasha.
Natasha is almost dead.
Natasha closely misses you. x2
You closely miss Natasha.
Natasha is almost dead.
Natasha claws you.
You closely miss Natasha.
Natasha is almost dead.
Natasha stares at you and mumbles some strange words.
The magic dart hits you! Natasha barely misses you.
You miss Natasha.
Natasha is almost dead.
Natasha mumbles some strange words.
Hop to where?
Press: ? - help, Dir - move target, p - Natasha Boing!
Natasha casts a spell at you. The magic dart hits you!
* * * LOW HITPOINT WARNING * * *
Natasha stares at you and mumbles some strange words.
The magic dart hits you.
You die...
Natasha begins licking her fur clean.

#......###..######.###.###..###
#.###### #..####...#"!.$?#.##
#.# #.....#...##...##w# #.#
##.##.#...#.....#w# #S######
#...>....#######.# #.w..>.#
#.........†..w...# ######.#
#.##.#######.##### #.# #÷##.#
#.# #.# #.##@# ... #.# #.##h#
#.#.. #.# #.##5## #. ..# #.#
#.##.°###### #.#
#.####..........# .# #####
#.....(.##.####.# .# ....#
#..####.##.# ##w## ###.## #..#
#.##.###...## .....# #..#
##.##.##.....#.#


You could see Natasha and a cerulean imp (summoned).

Vanquished Creatures
  2 adders (D:2)
  A dart slug (D:2)
  2 ribbon worms (D:1)
  4 ball pythons
  An endoplasm (D:1)
  4 giant cockroaches (D:1)
  5 goblins
  3 hobgoblins (D:2)
  5 kobolds
  3 quokkas
  6 bats
  3 frilled lizards
  7 rats
46 creatures vanquished.

Notes
Turn   | Place    | Note
-------+----------+-------------------------------------------
     0 | D:1      | Esekla the Barachi Necromancer began the quest for the Orb.
     0 | D:1      | Reached XP level 1. HP: 13/13 MP: 3/3
   386 | D:1      | Reached skill level 1 in Fighting
   386 | D:1      | Reached XP level 2. HP: 20/21 MP: 5/5
   950 | D:1      | Reached XP level 3. HP: 25/26 MP: 6/6
   954 | D:1      | Learned a level 3 spell: Vampiric Draining
  1408 | D:2      | Found a runed translucent door.
  1409 | D:2      | Noticed Crazy Yiuf
  1477 | D:2      | Noticed Natasha
  1822 | D:2      | Reached skill level 1 in Short Blades
  1872 | D:2      | Reached XP level 4. HP: 29/33 MP: 7/7
  1968 | D:2      | Reached skill level 4 in Necromancy
  2438 | D:2      | Killed from afar by Natasha

Illustrated notes

Levels and vault maps discovered:
D:1:      amcnicky_arrival_choice, layout_basic, minmay_misc_feat_diagonals
D:2:      layout_loops_ring, serial_park_tiny_1, minmay_split_cup_large,
          uniq_natasha, uniq_crazy_yiuf_cottage
D:3:      layout_rooms

Skill      XL: |  1  2  3  4 |
---------------+-------------+-----
Fighting       | 1 |  1.9
Short Blades   | 1 |  1.2
Necromancy     | 4 |  4.0
Dodging        | |  2.9
Stealth        | |  1.8
Spellcasting   | |  2.8

Action                     |  1- 3 |  4- 6 || total
---------------------------+-------+-------++-------
  Melee: Unarmed           |    75 |       ||    75
         Dagger            |   220 |    80 ||   300
         Punch             |     1 |     2 ||     3
   Cast: Vampiric Draining |     4 |     8 ||    12
Ability: Hop               |     4 |     3 ||     7
    Use: Scroll            |     2 |       ||     2
         Potion            |     1 |       ||     1
   Stab: Sleeping          |     1 |     1 ||     2
 Armour: Robe              |   161 |    46 ||   207
  Dodge: Dodged            |   212 |    60 ||   272
  Block: Other             |       |    26 ||    26
         Reflection        |       |     3 ||     3
